 Dungeon Crawl Stone Soup version 0.22-a0-448-g1fb7470 (webtiles) character file.

45 Darkstone the Caller (level 3, 0/24 HPs)
             Began as a Merfolk Summoner on June 4, 2018.
             Succumbed to LeafLetters's ghost's poison
             ... on level 3 of the Dungeon.
             The game lasted 00:22:26 (2933 turns).

Darkstone the Caller (Merfolk Summoner)             Turns: 2933, Time: 00:22:26

Health: 0/24       AC:  2    Str:  6 (8)  XL:     3   Next: 64%
Magic:  2/6        EV: 19    Int: 12 (15) God:
Gold:   88         SH:  0    Dex: 18 (19) Spells: 5/6 levels left

rFire    . . .     SeeInvis .   q - +1 dagger (freeze)
rCold    . . .     Gourm    .   (no shield)
rNeg     . . .     Faith    .   a - +0 robe
rPois    .         Spirit   .   (no helmet)
rElec    .         Reflect  .   (no cloak)
rCorr    .         Harm     .   (no gloves)
MR       .....                  (no boots)
Stlth    +++.......             (no amulet)
HPRegen  0.08/turn              (no ring)
MPRegen  0.10/turn              (no ring)

@: agile, lethally poisoned (0 -> -2)
A: change form in water, swift swim, stealthy swim
a: no special abilities


You were on level 3 of the Dungeon.
You were not hungry.

You visited 1 branch of the dungeon, and saw 3 of its levels.

You collected 88 gold pieces.

Inventory:

Hand Weapons
 q - a +1 dagger of freezing (weapon)
Missiles
 b - a javelin (quivered)
 j - 5 tomahawks
Armour
 a - a +0 robe (worn)
Jewellery
 k - an uncursed amulet of guardian spirit {unknown}
Potions
 n - a potion of might {unknown}
Comestibles
 c - a ration
 o - 3 chunks of flesh


   Skills:
 + Level 0.4 Short Blades
 + Level 0.9 Throwing
 + Level 3.1 Dodging
 + Level 2.7 Stealth
 + Level 2.2 Spellcasting
 * Level 4.5 Summonings


You had 5 spell levels left.
You knew the following spells:

 Your Spells              Type           Power        Failure   Level  Hunger
a - Summon Small Mammal   Summ           ##..         4%          1    ##.....

Your spell library contained the following spells:

 Spells                   Type           Power        Failure   Level  Hunger
 Summon Ice Beast         Ice/Summ       #.......     71%         4    #####..
 Call Imp                 Summ           ##......     6%          2    ###....
 Call Canine Familiar     Summ           ##......     13%         3    ####...
 Summon Lightning Spire   Summ/Air       #.......     71%         4    #####..
 Summon Guardian Golem    Hex/Summ       #.......     32%         3    ####...


Dungeon Overview and Level Annotations

Branches:
Dungeon (3/15)

Altars:
Yredelemnul

Annotations:
D:3 LeafLetters's ghost, amateur DsWz


Message History

Casting: Summon Small Mammal (safe; 3% risk of failure)
Confirm with . or Enter, or press ? or * to list all spells.
* * * LOW HITPOINT WARNING * * *
You feel sick.
Your quokka completely misses the goblin.
You swap places.
Your quokka misses the frilled lizard.
The frilled lizard barely misses your quokka.
The goblin closely misses your quokka.
Your quokka bites the goblin.
The goblin dies!
Your quokka bites the frilled lizard.
The frilled lizard dies!
Your quokka bites the orc.
Found a scroll of identify.
It was a potion of agility.
You feel agile all of a sudden.
Your quokka closely misses the orc.
The orc closely misses your quokka.
It was a potion of degeneration.
There was something very wrong with that liquid.
You feel weakened.
You feel dopey.
You feel clumsy.
You die...

#..W†###.##
#.##.###.###
# #(.or.o.#
#####.#r#
#.#.# ..#)#
####.##
#.r###
##@..#
#..#.#
......#
.≈≈≈≈≈..#
≈≈.≈≈≈≈≈..#
≈≈.≈≈≈≈≈..#
≈≈.≈≈≈≈≈.##
≈≈.?.....#


You could see an orc and 2 friendly quokkas.

Vanquished Creatures
  An adder (D:2)
  A dart slug (D:1)
  2 jackals (D:1)
4 creatures vanquished.

Vanquished Creatures (collateral kills)
  2 adders (D:2)
  An orc (D:2)
  8 bats
  3 giant cockroaches
  3 hobgoblins
  2 jackals (D:1)
  A quokka (D:2)
  A ball python (D:2)
  3 frilled lizards
  4 goblins
  4 kobolds
  3 rats
35 creatures vanquished.

Grand Total: 39 creatures vanquished

Notes
Turn   | Place    | Note
-------+----------+-------------------------------------------
     0 | D:1      | Darkstone the Merfolk Summoner began the quest for the Orb.
     0 | D:1      | Reached XP level 1. HP: 13/13 MP: 3/3
   530 | D:1      | Reached XP level 2. HP: 18/19 MP: 1/5
  1968 | D:2      | Reached XP level 3. HP: 24/24 MP: 2/6
  2899 | D:3      | Noticed LeafLetters's ghost (amateur DsWz)
  2909 | D:3      | Found a basalt altar of Yredelemnul.
  2929 | D:3      | HP: 1/24 [poisoned by LeafLetters's ghost]
  2933 | D:3      | Succumbed to LeafLetters's ghost's poison

Vault maps used:
D:1:      minmay_arrival_four_loops, corner_web_ring,
          hangedman_decor_diamond_cutter
D:3:      yredelemnul_altar_generic, chequers_ecumenical_altar_lobes,
          gup_sewer_entry_bubbles, minivault_14, uniq_grinder

Skill      XL: |  1  2 |
---------------+-------+-----
Dodging        | 3 |  3.1
Short Blades   | |  0.4
Throwing       | |  0.9
Stealth        | |  2.7
Spellcasting   | |  2.2
Summonings     | |  4.5

Action                   || total
-------------------------++-------
 Fire: Hunting sling     ||     4
Throw: Javelin           ||    20
 Cast: Summon Small Mamm ||   119
  Use: Scroll            ||     5
       Potion            ||     2
  Eat: Chunk             ||     8
Armor: Robe              ||    13
Dodge: Dodged            ||    59

Table legend:
 A = Spawn XP
 B = Non-spawn XP
 C = Spawn XP percentage of total XP
 D = Spawn monster count
 E = Non-spawn monster count
 F = Spawn count percentage of total count
 G = Total turns spent on level
                    A         B        C        D         E        F      G
               +---------+---------+-------+---------+---------+-------+---------
         Total |       0 |      65 |   0.0 |       0 |      39 |   0.0 |  2933
               +---------+---------+-------+---------+---------+-------+---------
           D:1 |       0 |      24 |   0.0 |       0 |      20 |   0.0 |  1558
           D:2 |       0 |      38 |   0.0 |       0 |      16 |   0.0 |  1339
           D:3 |       0 |       3 |   0.0 |       0 |       3 |   0.0 |    36
               +---------+---------+-------+---------+---------+-------+---------
